 Dungeon Sprint DCSS version 0.27.1-4-g1640c2035a (webtiles) character file.

Game seed: 385320706130402810

7833 boopmooplesden the Severer (level 11, -17/99 HPs)
             Began as a Demonspawn Berserker on Nov 10, 2021.
             Was the Champion of Trog.
             Demolished by a death knight (27 damage)
             ... in the Dungeon (Sprint VII: "The Pits").
             The game lasted 00:05:37 (2001 turns).

boopmooplesden the Severer (Demonspawn Berserker)   Turns: 2001, Time: 00:05:37

Health: -17/99     AC: 20    Str: 19    XL:     11   Next: 2%
Magic:  3/3        EV: 10    Int: 10    God:    Trog [******]
Gold:   0          SH:  0    Dex: 13    Spells: 10/10 levels left

rFire    . . .     SeeInvis .   o - +3 battleaxe (antimagic)
rCold    . . .     Faith    .   (shield currently unavailable)
rNeg     . . .     Spirit   .   t - +4 chain mail
rPois    .         Reflect  .   (no helmet)
rElec    .         Harm     .   (no cloak)
rCorr    .         Rampage  .   u - +0 pair of gloves
Will     .....     NoTele   +   v - +0 pair of boots
Stlth    ..........             (no amulet)
HPRegen  0.26/turn              (no ring)
MPRegen  0.08/turn              (no ring)

@: on berserk cooldown, hasted and slowed
A: yellow scales 1, powered by death 2, spiny 2, bedeviling
a: Renounce Religion, Berserk, Trog's Hand, Brothers in Arms


You were in the Dungeon.
You worshipped Trog.
Trog was exalted by your worship.
You visited 1 branch

Inventory:

Hand Weapons
 a - a +0 hand axe
 i - a +2 mace
 j - a +2 hand axe
 n - a +0 hand axe of freezing
 o - a +3 antimagic battleaxe (weapon)
 s - a +1 broad axe of flaming
Armour
 t - a +4 chain mail (worn)
 u - a +0 pair of gloves (worn)
 v - a +0 pair of boots (worn)
Jewellery
 p - a +3 ring of intelligence
 q - a +3 ring of dexterity
Scrolls
 h - a scroll of blinking
 l - a scroll of summoning
Potions
 c - 7 potions of curing
 d - 2 potions of heal wounds
 e - 2 potions of haste
 f - 4 potions of magic
 g - 4 potions of berserk rage
 k - 2 potions of invisibility
 r - a potion of might
 w - 2 potions of mutation
 x - a potion of brilliance


   Skills:
 + Level 13.8 Fighting
 + Level 16.9 Axes
 + Level 10.4 Armour
 + Level 6.0 Dodging
 + Level 0.7 Stealth


You had 10 spell levels left.
You didn't know any spells.
Your spell library was empty.

Dungeon Overview and Level Annotations

Branches:
Dungeon (1/1)

Altars:


Innate Abilities, Weirdness & Mutations

You are partially covered in yellow scales. (AC +2)
You regenerate health from kills.
You are mostly covered in sharp spines.
Your hexes are more powerful.


Message History

Your chain mail prevents you from hitting the death knight.
The death knight is moderately wounded.
The death knight hits you but does no damage.
You slice the death knight!!
The death knight is heavily wounded.
The death knight reflects your damage back at you!
* * * LOW HITPOINT WARNING * * *
The death knight's dark mirror aura disappears.
The death knight hits you with a +1 halberd.
* * * LOW HITPOINT WARNING * * *
You feel much better.
The death knight hits you with a +1 halberd!
The death knight hits you with a +1 halberd.
* * * LOW HITPOINT WARNING * * *
You slash the death knight!
The death knight is severely wounded.
The death knight is struck by your spines.
The death knight hits you with a +1 halberd.
* * * LOW HITPOINT WARNING * * *
You barely miss the death knight.
The death knight is severely wounded.
The death knight hits you with a +1 halberd!
* * * LOW HITPOINT WARNING * * *
You feel much better.
The death knight hits you with a +1 halberd!
* * * LOW HITPOINT WARNING * * *
The death knight closely misses you.
You slash the death knight!
The death knight is severely wounded.
The death knight hits you with a +1 halberd!!
* * * LOW HITPOINT WARNING * * *
Unknown command.
You feel much better.
The death knight is struck by your spines.
The death knight hits you with a +1 halberd!!
* * * LOW HITPOINT WARNING * * *
The death knight closely misses you.
You feel yourself speed up.
The death knight hits you with a +1 halberd!!
You die... <...##..####...#'######.).## z.p

....##..#..#####.##...##'## .#.#
....##..#....##...#...#)..# Y....
....##..'.....#...#...#†).#......
######..'.....'...'.[.)...'......
######..'))...#...#...#...#......
..[.##..#.)..##...#...#...#......
....##..#..#####p##...##+## #.#.#
..))##..####...#@######.).## ....
...)##..##.....)........#†.# #.#
..))##..#..............###..# ..
######################## ###


You could see a death knight.

Vanquished Creatures
  Erica (D)
  A death yak (D)
  A two-headed ogre (D)
  A shadow wraith (D)
  A manticore (D)
  An elephant (D)
  An eye of devastation (D)
  A cane toad (D)
  An unseen horror (D)
  A gargoyle (D)
  A molten gargoyle (D)
  A rime drake (D)
  An ice devil (D)
  A guardian mummy (D)
  A merfolk (D)
  A komodo dragon (D)
  A snapping turtle (D)
  A flying skull (D)
  A spriggan (D)
  3 redbacks (D)
  A tarantella (D)
  A ynoxinul (D)
  A floating eye (D)
  A swamp drake (D)
  A sky beast (D)
  An ice beast (D)
  A wolf (D)
  A phantom (D)
  A bullfrog (D)
  2 crimson imps (D)
  A quasit (D)
  A jelly (D)
  An orc priest (D)
  An orc wizard (D)
  A mummy (D)
  A gnoll (D)
  An adder (D)
  A white imp (D)
  2 ufetubi (D)
  3 orcs (D)
  2 ball pythons (D)
  A bat (D)
  2 endoplasms (D)
  A giant cockroach (D)
  3 goblins (D)
  2 hobgoblins (D)
  A frilled lizard (D)
  2 kobolds (D)
  3 rats (D)
63 creatures vanquished.

Notes
Turn   | Place    | Note
-------+----------+-------------------------------------------
     0 | D        | boopmooplesden the Demonspawn Berserker began the quest for
                  | the Orb.
     0 | D        | Reached XP level 1. HP: 18/18 MP: 1/1
    47 | D        | Reached skill level 3 in Axes
    52 | D        | Reached ** piety under Trog
   205 | D        | Gained mutation: You regenerate a little health from kills.
                  | [demonic ancestry]
   205 | D        | Reached XP level 2. HP: 19/25 MP: 2/2
   271 | D        | Reached *** piety under Trog
   272 | D        | Reached skill level 4 in Axes
   280 | D        | Reached **** piety under Trog
   282 | D        | Reached skill level 5 in Fighting
   282 | D        | Reached skill level 5 in Axes
   282 | D        | Reached XP level 3. HP: 33/33 MP: 3/3
   283 | D        | Reached XP level 4. HP: 39/39 MP: 4/4
   377 | D        | Noticed a wolf
   378 | D        | Noticed a floating eye
   386 | D        | Killed a wolf
   386 | D        | Paralysed by a floating eye for 2 turns
   387 | D        | Reached skill level 7 in Axes
   387 | D        | Gained mutation: You are partially covered in yellow
                  | scales. (AC +2) [demonic ancestry]
   387 | D        | Reached XP level 5. HP: 26/47 MP: 5/5
   393 | D        | Reached ***** piety under Trog
   399 | D        | Paralysed by a floating eye for 3 turns
   404 | D        | Killed a floating eye
   405 | D        | Reached skill level 8 in Axes
   405 | D        | Gained mutation: You are partially covered in sharp spines.
                  | [demonic ancestry]
   405 | D        | Reached XP level 6. HP: 29/56 MP: 6/6
   405 | D        | Received a gift from Trog
   527 | D        | Noticed a komodo dragon
   532 | D        | Killed a komodo dragon
   533 | D        | Reached skill level 9 in Axes
   533 | D        | Gained mutation: You are mostly covered in sharp spines.
                  | [demonic ancestry]
   533 | D        | Reached XP level 7. HP: 64/64 MP: 2/7
   579 | D        | Reached skill level 10 in Axes
   589 | D        | Noticed a manticore
   589 | D        | Noticed a redback
   594 | D        | Killed a redback
   595 | D        | Reached skill level 10 in Fighting
   595 | D        | Reached skill level 5 in Armour
   595 | D        | Reached skill level 5 in Dodging
   596 | D        | Reached ****** piety under Trog
   600 | D        | Killed a manticore
   601 | D        | Reached skill level 11 in Axes
   601 | D        | Reached XP level 8. HP: 74/74 MP: 2/8
   757 | D        | Noticed a gargoyle
   761 | D        | Killed a gargoyle
   761 | D        | Received a gift from Trog
   762 | D        | Reached skill level 12 in Axes
   922 | D        | Noticed a merfolk
   922 | D        | Noticed a rime drake
   929 | D        | Killed a rime drake
   932 | D        | Killed a merfolk
   933 | D        | Reached skill level 13 in Axes
   933 | D        | Gained mutation: You regenerate health from kills. [demonic
                  | ancestry]
   933 | D        | Reached XP level 9. HP: 30/81 MP: 3/9
   937 | D        | Killed a shadow wraith
  1214 | D        | Received a gift from Trog
  1215 | D        | Reached skill level 14 in Axes
  1284 | D        | Noticed a death yak
  1297 | D        | Killed a death yak
  1300 | D        | Noticed a molten gargoyle
  1305 | D        | Killed a molten gargoyle
  1357 | D        | Noticed an ice devil
  1361 | D        | Received a gift from Trog
  1362 | D        | Reached XP level 10. HP: 51/91 MP: 3/10
  1367 | D        | Reached skill level 15 in Axes
  1863 | D        | Noticed a two-headed ogre
  1863 | D        | Noticed a cane toad
  1865 | D        | Noticed an eye of devastation
  1868 | D        | Killed a two-headed ogre
  1872 | D        | Killed a cane toad
  1878 | D        | Killed an eye of devastation
  1879 | D        | Reached skill level 16 in Axes
  1951 | D        | Noticed Erica
  1951 | D        | Noticed a death knight
  1951 | D        | Noticed an elephant
  1956 | D        | Received a gift from Trog
  1969 | D        | Killed Erica
  1969 | D        | Received a gift from Trog
  1969 | D        | Killed an elephant
  1970 | D        | Reached skill level 10 in Armour
  1974 | D        | Gained mutation: Your hexes are more powerful. [demonic
                  | ancestry]
  1974 | D        | Reached XP level 11. HP: 28/99 MP: 3/11
  1999 | D        | HP: 2/99 [death knight (19)]
  2001 | D        | Demolished by a death knight

Illustrated notes

Levels and vault maps discovered:
D:        pitsprint [storerooms_1, entrance_room_1, metal_vault_1, armoury_1,
          mini_pit_1, grid_room_1, main_hall_1, silver_pit, the_coven_2,
          the_vestibule_1, steel_vault_1, golden_pit, hallway_of_sentries,
          crystal_vault_3, iron_vault_2, final_vault]

Skill      XL: |  1  2  3  4  5  6  7  8  9 10 |
---------------+-------------------------------+-----
Axes           | 3 5 7 8 9 11 13 14 16 | 16.9
Dodging        | 2 3 4 5 6 |  6.0
Armour         | 2 3 4 5 6 8 10 | 10.4
Fighting       | 4 5 6 8 9 10 11 12 13 | 13.8
Stealth        | |  0.7

Action                   |  1- 3 |  4- 6 |  7- 9 | 10-12 || total
-------------------------+-------+-------+-------+-------++-------
Melee: Hand axe          |    25 |    18 |       |       ||    43
       Battleaxe         |       |     6 |    64 |    48 ||   118
Invok: Berserk           |     1 |     2 |     4 |     2 ||     9
  Use: Potion            |       |       |       |     7 ||     7
Armor: Animal skin       |     3 |       |       |       ||     3
       Chain mail        |       |    17 |    37 |    20 ||    74
Dodge: Dodged            |    14 |     8 |    16 |    10 ||    48
